 Dungeon Crawl Stone Soup version 0.24.0-13-gcf9b3192b9 (webtiles) character file.

Game seed: 14750424897651523165, levelgen mode: deterministic

72 Aviak the Skirmisher (level 4, 3/41 HPs)
             Began as a Minotaur Fighter on Nov 9, 2019.
             Quit the game on level 2 of the Dungeon.
             The game lasted 00:01:00 (1142 turns).

Aviak the Skirmisher (Minotaur Fighter)             Turns: 1142, Time: 00:01:00

Health: 3/41       AC:  7    Str: 22    XL:     4   Next: 7%
Magic:  3/3        EV:  7    Int:  5    God:
Gold:   50         SH:  9    Dex:  9    Spells: 3/3 levels left

rFire    . . .     SeeInvis .   a - +0 war axe
rCold    . . .     Gourm    .   c - +0 shield
rNeg     . . .     Faith    .   b - +0 scale mail
rPois    .         Spirit   .   (helmet restricted)
rElec    .         Reflect  .   (no cloak)
rCorr    .         Harm     .   (no gloves)
MR       .....                  (no boots)
Stlth    ..........             (no amulet)
HPRegen  0.13/turn              (no ring)
MPRegen  0.08/turn              (no ring)

@: lethally poisoned (3 -> -3)
A: retaliatory headbutt, horns 2
a: no special abilities


You were on level 2 of the Dungeon.
You were not hungry.

You visited 1 branch of the dungeon, and saw 2 of its levels.

You collected 50 gold pieces.

Inventory:

Hand Weapons
 a - a +0 war axe (weapon)
Armour
 b - a +0 scale mail (worn)
 c - a +0 shield (worn)
Scrolls
 e - a scroll of enchant weapon {unknown}
 g - a scroll of enchant armour {unknown}
 h - 2 scrolls of identify {unknown}
 k - 2 scrolls of teleportation {unknown}
 l - a scroll of noise {unknown}
 m - a scroll of remove curse {unknown}
 n - a scroll of immolation {unknown}
Potions
 d - a potion of might
 i - 2 potions of curing {unknown}
 j - a potion of cancellation {unknown}
Comestibles
 f - 3 rations


   Skills:
 + Level 4.3 Fighting
 + Level 3.3 Axes
 + Level 4.3 Armour
 + Level 4.3 Shields


You had 3 spell levels left.
You didn't know any spells.
Your spell library was empty.

Dungeon Overview and Level Annotations

Branches:
Dungeon (2/15)

Altars:


Innate Abilities, Weirdness & Mutations

You reflexively headbutt those who attack you in melee.
You have a pair of horns on your head.


Message History

The adder poisons you!
You miss the adder.
The adder is severely wounded.
* * * LOW HITPOINT WARNING * * *
You feel sick. You block the adder's attack.
The adder bites you but does no damage.
You miss the adder. Your headbutt misses the adder.
The adder is severely wounded.
* * * LOW HITPOINT WARNING * * *
You feel sick. The adder barely misses you. You furiously retaliate!
You headbutt the adder, but do no damage.
You barely miss the adder. You headbutt the adder.
You kill the adder!
You have reached level 4!
You feel stronger.
* * * LOW HITPOINT WARNING * * *
You feel sick.
You are lethally poisoned (3 -> -3).
Your movement speed is average.
Your attack speed is quite slow (and is slowed by your insufficient shield skill).
Are you sure you want to abandon this character and quit the game? (Confirm with "yes".)

########## #.........
###### #.........
#.....###..>......
#.........@...#
#.....##.####.#
#.....##.# #..
###.....##.###.#
#......>....#..#
#.#......##....#
#####.#......#.....#
..(...####...#)###.#####
#......................#


There were no monsters in sight!

Vanquished Creatures
  2 adders (D:2)
  An ooze (D:1)
  2 dart slugs
  2 leopard geckos (D:2)
  4 bats
  2 giant cockroaches (D:1)
  2 goblins
  4 hobgoblins (D:1)
  10 jackals
  3 kobolds
  A ball python (D:1)
  4 frilled lizards
  7 rats
44 creatures vanquished.

Notes
Turn   | Place    | Note
-------+----------+-------------------------------------------
     0 | D:1      | Aviak the Minotaur Fighter began the quest for the Orb.
     0 | D:1      | Reached XP level 1. HP: 19/19 MP: 0/0
    62 | D:1      | Reached XP level 2. HP: 19/27 MP: 1/1
   299 | D:1      | Reached XP level 3. HP: 33/33 MP: 2/2
  1141 | D:2      | Reached XP level 4. HP: 4/41 MP: 3/3
  1142 | D:2      | Quit the game

Levels and vault maps discovered:
D:1:      sevenhm_arrival_forest_fort_large_4, layout_loops_ring,
          minmay_misc_feat_iff
D:2:      layout_rooms, first_ration

Skill      XL: |  1  2 |
---------------+-------+-----
Fighting       | 4 |  4.3
Shields        | 4 |  4.3
Axes           | 3 |  3.3
Armour         | 4 |  4.3

Action                   |  1- 3 |  4- 6 || total
-------------------------+-------+-------++-------
Melee: War axe           |   113 |       ||   113
       Headbutt          |    15 |       ||    15
  Eat: Chunk             |     1 |       ||     1
Armor: Scale mail        |    68 |       ||    68
Dodge: Dodged            |    42 |       ||    42
Block: Shield            |    75 |       ||    75
